 Dungeon Crawl Stone Soup version bcrawl-1.39.1 (webtiles) character file.

Game seed: 4903645393900112314

394525 kosoiffoigrumme1174 the Covert (level 10, -4/54 HPs)
             Began as a Mana Stalker Chaos Knight on Sept 8, 2023.
             Was an Elder of Okawaru.
             Killed from afar by a tengu conjurer (26 damage)
             ... with a bolt of lightning
             ... on level 9 of the Dungeon.
             The game lasted 00:17:52 (6867 turns).

kosoiffoigrumme1174 the Covert (VSCK)               Turns: 6867, Time: 00:17:53

Health: -4/54      AC: 14    Str: 15    XL:     10   Next: 85%
Magic:  11/11      EV: 12    Int: 12    God:    Okawaru [****..]
Gold:   675        SH:  0    Dex: 17    Spells: 9/9 levels left

rFire    . . .     GDR:     29% b - +9 morningstar "Qatarph" {protect, +Rage rPois}
rCold    . . .     SeeInvis .   (no shield)
rNeg     . . .     Gourm    .   K - +0 troll leather armour
rPois    +         Faith    .   y - +2 helmet
rElec    .         Spirit   .   B - scarf {clouds}
rCorr    .         Reflect  .   (no gloves)
MR       ++...                  (no boots)
Stlth    +++++.....             m - amulet of regeneration
HPRegen  1.32/turn              (no ring)
MPRegen  0.12/turn              (no ring)

@: protection aura
A: fangs 3, magic resistance 1, regeneration 1, antimagic bite, no potion heal
3, rot immunity, strong jaws
a: Heroism, Renounce Religion, Evoke Fog, Evoke Berserk Rage


You were on level 9 of the Dungeon.
You worshipped Okawaru.
Okawaru was greatly pleased with you.
You were hungry.

You visited 1 branch of the dungeon, and saw 9 of its levels.

You collected 675 gold pieces.

Inventory:

Hand Weapons
 a - the +4 dagger of Dismemberment {elec, Dex+2}
   (You found it on level 7 of the Dungeon)

   Occasionally, upon striking a foe, it will discharge some electrical energy
   and cause terrible harm.
   It affects your dexterity (+2).
 b - the +9 morningstar "Qatarph" (weapon) {protect, +Rage rPois}
   (You found it on level 5 of the Dungeon)

   It grants its wielder temporary protection when it strikes (+7 to AC).
   It protects you from poison.
   It lets you go berserk.
 A - a +0 hand crossbow
 H - a +5 short sword
Missiles
 d - 3355 stones
 u - 1326 sling bullets
 C - 116 poisoned tomahawks (quivered)
 G - 373 bolts
Armour
 g - a +1 pair of boots
 w - a scarf of stasis
 y - a +2 helmet (worn)
 B - a scarf of clouds (worn)
 K - a +0 troll leather armour (worn)
Jewellery
 m - an amulet of regeneration (around neck)
Wands
 l - a wand of disintegration (6)
 x - a wand of iceblast (4)
Scrolls
 c - 4 scrolls of teleportation
 j - 2 scrolls of enchant armour {unknown}
 k - 3 scrolls of remove curse
 n - 3 scrolls of fog
 o - a scroll of amnesia {unknown}
 p - 3 scrolls of enchant weapon {unknown}
 q - 4 scrolls of noise {unknown}
 s - a scroll of blinking {unknown}
 t - 2 scrolls of revelation {unknown}
 z - a scroll of immolation {unknown}
Potions
 f - 3 potions of cancellation {unknown}
 h - 3 potions of mutation
 i - a potion of flight {unknown}
 r - 2 potions of degeneration {unknown}
 v - 4 potions of curing
 D - 2 potions of haste {unknown}
 E - 2 potions of invisibility
 F - a potion of might {unknown}
 I - a potion of lignification {unknown}
 J - a potion of berserk rage {unknown}
Comestibles
 e - 10 rations {!d}


   Skills:
 - Level 2.6 Fighting
 + Level 9.2 Short Blades
 - Level 0.7 Armour
 - Level 2.1 Dodging
 - Level 12.0 Stealth
 + Level 9.5 Unarmed Combat


You had 9 spell levels left.
You didn't know any spells.
Your spell library contained the following spells:

 Spells                   Type           Power        Failure   Level  Hunger
 Slow                     Hex            #.......     38%         1    None
 Ensorcelled Hibernation  Hex/Ice        #.....       52%         2    ####...
 Confuse                  Hex            #.......     77%         3    #####..
 Dazzling Orbs            Conj/Hex       #......      77%         3    #####..
 Tukima's Dance           Hex            #.......     77%         3    #####..
 Cause Fear               Hex            #.........   99%         4    ######.


Dungeon Overview and Level Annotations

Branches:
Dungeon (9/12)             Temple (0/1) D:7            Lair (0/6) D:8
    Orc: D:8-11

Altars:
Ashenzari
Elyvilon
Fedhas
Hepliaklqana
Okawaru
Ru
Trog

Shops:
D:5 (   D:6 %   D:8 [

Annotations:
D:6 1 runed door


Innate Abilities, Weirdness & Mutations

You have razor-sharp teeth.
You are resistant to hostile enchantments. (MR+)
Your natural rate of healing is unusually fast.
Your bite disrupts and absorbs the magic of your enemies.
Potions cannot restore your health.
You are immune to rotting.
Your bites deal extra damage.


Message History

The centaur barely misses you.
You bludgeon the ice beast!!
You kill the ice beast!
Okawaru accepts your kill.
The centaur wields a +0 shortbow.
The centaur shoots an arrow.
The arrow barely misses you.
You feel like a meek peon again.
The tengu conjurer hits you but does no damage.
The tengu conjurer barely misses you.
The tengu conjurer claws you but does no damage.
The centaur unwields a +0 shortbow.
The centaur closely misses you.
You hit the centaur but do no damage.
You punch the centaur, but do no damage.
The centaur is heavily wounded.
The tengu conjurer closely misses you. x2
The tengu conjurer barely misses you. The centaur closely misses you.
The tengu conjurer casts a spell at you.
The bolt of lightning hits you!!
You die...
Xom giggles madly!

#.# #.# #.#
### #.# ..#
#.# ..# #.#
#.###.# ##
#)##.#
##.##c@..#
o..#...#Q####
#...ZK##
.......K.#
.#........#
.........##
.........#
..##...#.# .
##.# .#


You could see a tengu conjurer, a centaur, 2 kobolds and a howler monkey
skeleton.

Vanquished Creatures
  An eye of draining (D:8)
  2 trolls (D:8)
  Prince Ribbit (D:8)
  A spriggan (D:7)
  A hungry ghost (D:9)
  2 crocodiles (D:8)
  Duvessa (D:5)
  5 sky beasts
  2 ice beasts
  3 phantoms
  A tengu (D:8)
  2 hornet zombies
  3 necrophages
  2 ogres
  7 bullfrogs
  A centaur (D:8)
  3 scorpions
  Dowan (D:5)
  6 wights
  A killer bee (D:3)
  2 electric eels (D:8)
  2 howler monkeys
  6 orc priests
  4 bullfrog zombies
  7 crimson imps
  2 jellies
  10 hounds
  3 bullfrog skeletons
  A gnoll shaman (D:6)
  5 iguanas
  Jessica (D:2)
  4 orc wizards
  A worker ant (D:4)
  The ghost of wazuzu the Sneak, a weakling EnSA of Cheibriados (D:3)
  2 hound skeletons
  6 gnolls
  A worker ant zombie (D:8)
  6 adders
  2 shadow imps (D:6)
  An ooze (D:1)
  4 dart slugs
  5 leopard geckos
  24 orcs
  4 ball pythons
  2 bats (D:2)
  3 giant cockroaches
  6 goblins
  9 hobgoblins
  A jackal (D:4)
  7 kobolds
  4 quokkas
  4 frilled lizards
  A jackal skeleton (D:4)
  3 rats
190 creatures vanquished.

Vanquished Creatures (collateral kills)
  2 hounds (D:8)
2 creatures vanquished.

Grand Total: 192 creatures vanquished

Notes
Turn   | Place    | Note
-------+----------+-------------------------------------------
     0 | D:1      | kosoiffoigrumme1174 the Vine Stalker Chaos Knight began the
                  | quest for the Orb.
     0 | D:1      | Reached XP level 1. HP: 13/13 MP: 2/2
    33 | D:1      | Reached skill level 2 in Stealth
    44 | D:1      | Reached XP level 2. HP: 18/18 MP: 3/3
   118 | D:1      | XOM: silly message
   223 | D:1      | Reached skill level 3 in Stealth
   308 | D:1      | XOM: harmless Chrm miscast
   342 | D:1      | XOM: harmless Pois miscast
   382 | D:1      | XOM: harmless Air miscast
   391 | D:1      | XOM: mild Erth miscast
   436 | D:1      | Reached XP level 3. HP: 22/22 MP: 4/4
   461 | D:1      | XOM: harmless Ice miscast
   638 | D:1      | Reached skill level 4 in Stealth
   884 | D:2      | XOM: noise
   916 | D:2      | Reached skill level 5 in Stealth
  1076 | D:2      | Reached XP level 4. HP: 12/27 MP: 5/5
  1093 | D:2      | Noticed Jessica
  1102 | D:2      | Killed Jessica
  1125 | D:2      | XOM: smoke on damage
  1128 | D:2      | Reached skill level 6 in Stealth
  1159 | D:2      | Found a sacrificial altar of Ru.
  1288 | D:2      | Identified the ring "Odeqoadi" {rF+ Stlth--}
  1355 | D:2      | Reached XP level 5. HP: 31/31 MP: 6/6
  1421 | D:2      | Found a bloodstained altar of Trog.
  1462 | D:3      | XOM: stealth player
  1544 | D:3      | XOM: mild Conj miscast
  1616 | D:3      | Found a white marble altar of Elyvilon.
  1658 | D:3      | Reached skill level 7 in Stealth
  1731 | D:3      | Found a runed translucent gate.
  1734 | D:3      | Found a runed translucent gate.
  1735 | D:3      | Found a runed translucent gate.
  1743 | D:3      | Found a shattered altar of Ashenzari.
  1743 | D:3      | Noticed wazuzu's ghost (weakling EnSA)
  1817 | D:3      | XOM: cloud trail
  1935 | D:3      | Found a roughly hewn altar of Beogh.
  2019 | D:3      | XOM: potion effect (might)
  2031 | D:3      | Killed wazuzu's ghost
  2056 | D:3      | Reached skill level 8 in Stealth
  2066 | D:3      | Gained mutation: You have razor-sharp teeth. [Vine Stalker
                  | growth]
  2066 | D:3      | Reached XP level 6. HP: 35/36 MP: 7/7
  2137 | D:3      | XOM: harmless Hex miscast
  2158 | D:4      | Noticed a phantom
  2163 | D:4      | Noticed a phantom
  2166 | D:4      | XOM: harmless Tmut miscast
  2202 | D:4      | XOM: snakes to sticks
  2224 | D:4      | Noticed a necrophage
  2234 | D:4      | XOM: god gift: 128 arrows
  2240 | D:4      | XOM: fog
  2254 | D:4      | Noticed a sky beast
  2266 | D:4      | a sky beast changed into a giant cockroach
  2266 | D:4      | XOM: polymorph sky beast -> giant cockroach
  2270 | D:4      | XOM: enchant monster (good)
  2279 | D:4      | Killed a phantom
  2280 | D:4      | Reached skill level 9 in Stealth
  2296 | D:4      | Killed a necrophage
  2502 | D:4      | Reached XP level 7. HP: 40/40 MP: 8/8
  2508 | D:4      | XOM: harmless Tloc miscast
  2511 | D:4      | Reached skill level 10 in Stealth
  2526 | D:4      | XOM: 3-stop teleportation journey
  2713 | D:4      | Got a polished flail
  2802 | D:4      | Reached skill level 11 in Stealth
  2974 | D:5      | Entered Level 5 of the Dungeon
  3000 | D:5      | XOM: confusion
  3007 | D:4      | XOM: summons 1 hostile shadow creature
  3014 | D:4      | HP: 2/40 [ogre/+0 giant spiked club[Xom] (13)]
  3031 | D:4      | Reached skill level 12 in Stealth
  3031 | D:4      | Gained mutation: Your bite disrupts and absorbs the magic
                  | of your enemies. [Mana Stalker growth]
  3031 | D:4      | Gained mutation: You are resistant to hostile enchantments.
                  | (MR+) [Mana Stalker growth]
  3031 | D:4      | Reached XP level 8. HP: 15/45 MP: 8/9
  3067 | D:5      | XOM: blink monster(s)
  3134 | D:5      | Reached skill level 1 in Unarmed Combat
  3217 | D:5      | Found an iron altar of Okawaru.
  3217 | D:5      | XOM: repel stairs
  3229 | D:5      | Fell from the grace of Xom
  3229 | D:5      | Became a worshipper of Warmaster Okawaru
  3302 | D:5      | Found Puud's Weapon Shop.
  3320 | D:5      | Got a crystal morningstar
  3348 | D:5      | XOM: smoke on damage
  3477 | D:5      | XOM: harmless Ice miscast
  3478 | D:5      | Noticed Dowan
  3480 | D:5      | Noticed Duvessa
  3483 | D:5      | XOM: mild Chrm miscast
  3487 | D:5      | XOM: god gift: 154 poisoned tomahawks
  3488 | D:5      | XOM: potion effect (might)
  3510 | D:5      | Killed Dowan
  3511 | D:5      | Killed Duvessa
  3511 | D:5      | Reached * piety under Okawaru
  3518 | D:5      | XOM: harmless Pois miscast
  3645 | D:6      | XOM: potion effect (invisibility)
  3659 | D:6      | Reached skill level 5 in Short Blades
  3678 | D:6      | Reached XP level 9. HP: 44/49 MP: 10/10
  3685 | D:6      | Reached skill level 5 in Unarmed Combat
  3803 | D:6      | XOM: silly message
  3826 | D:6      | Found a blossoming altar of Fedhas.
  3905 | D:6      | Reached ** piety under Okawaru
  4018 | D:6      | XOM: silly message
  4049 | D:6      | Found a runed door.
  4207 | D:6      | XOM: potion effect (agility)
  4212 | D:6      | XOM: cast spell 'Summon Butterflies'
  4301 | D:6      | Found a hazy altar of Hepliaklqana.
  4331 | D:6      | Found Oninkogi's Food Shoppe.
  4376 | D:6      | XOM: harmless Chrm miscast
  4532 | D:6      | XOM: harmless Erth miscast
  4593 | D:6      | XOM: divination: detect creatures
  5216 | D:7      | Found a staircase to the Ecumenical Temple.
  5340 | D:7      | Got a slimy dagger
  5467 | D:7      | XOM: noise
  5599 | D:7      | XOM: draining
  5729 | D:8      | Reached XP level 10. HP: 35/54 MP: 11/11
  5758 | D:8      | XOM: cleaving
  5824 | D:8      | Reached *** piety under Okawaru
  5842 | D:8      | Identified the cursed +1 flail "Goblinbane" {crush, +Blink
                  | rPois Int-4 Dex+5} (You found it on level 4 of the Dungeon)
  5845 | D:8      | Identified the +4 dagger of Dismemberment {elec, Dex+2}
                  | (You found it on level 7 of the Dungeon)
  5846 | D:8      | Identified the +9 morningstar "Qatarph" {protect, +Rage
                  | rPois} (You found it on level 5 of the Dungeon)
  5944 | D:8      | XOM: cast spell 'Call Canine Familiar'
  5952 | D:8      | XOM: harmless Air miscast
  5997 | D:8      | XOM: butterfly on damage
  6009 | D:8      | XOM: medium Ice miscast
  6058 | D:8      | XOM: polymorph electric eel -> tengu
  6059 | D:8      | XOM: confusion (+ monsters)
  6072 | D:8      | XOM: blink monster(s)
  6079 | D:8      | Found a staircase to the Lair.
  6081 | D:8      | XOM: harmless Tloc miscast
  6122 | D:8      | XOM: enchant monster (good)
  6179 | D:8      | Found Nuezof's Armour Shoppe.
  6180 | D:8      | Noticed Prince Ribbit
  6191 | D:8      | XOM: potion effect (brilliance)
  6193 | D:8      | Reached **** piety under Okawaru
  6208 | D:8      | Killed Prince Ribbit
  6826 | D:9      | XOM: harmless Summ miscast
  6867 | D:9      | Killed from afar by a tengu conjurer

Skill      XL: |  1  2  3  4  5  6  7  8  9 10 |
---------------+-------------------------------+-----
Stealth        | 2 3 5 6 8 9 12 | 12.0
Short Blades   | 5 7 9 |  9.2
Unarmed Combat | 4 7 9 |  9.5
Fighting       | |  2.6
Armour         | |  0.7
Dodging        | |  2.1

Action                   |  1- 3 |  4- 6 |  7- 9 | 10-12 || total
-------------------------+-------+-------+-------+-------++-------
Melee: Short sword       |    76 |   143 |   309 |    17 ||   545
       Bite              |     8 |    13 |    85 |    28 ||   134
       Punch             |       |       |     6 |     2 ||     8
       Morningstar       |       |       |       |    52 ||    52
       Dagger            |       |       |       |    37 ||    37
 Fire: Hand crossbow     |       |       |    18 |       ||    18
Throw: Tomahawk          |       |       |    20 |    18 ||    38
Invok: Heroism           |       |       |     3 |     4 ||     7
  Use: Scroll            |       |     3 |     1 |     3 ||     7
       Potion            |       |     2 |     1 |       ||     3
 Stab: Sleeping          |     5 |    12 |    11 |     7 ||    35
       Invisible         |       |     5 |    10 |       ||    15
       Paralysed         |       |     3 |     2 |       ||     5
       Confused          |       |     1 |     1 |       ||     2
       Distracted        |       |       |       |     1 ||     1
  Eat: Chunk             |     1 |     6 |    14 |     6 ||    27
       Ration            |       |       |     2 |       ||     2
Armor: Leather armour    |    14 |    37 |    99 |     4 ||   154
       Troll leather arm |       |       |       |    49 ||    49
Dodge: Dodged            |    39 |    72 |   152 |    83 ||   346
